 Dungeon Crawl Stone Soup version 0.22-a0-228-g3692b99 (webtiles) character file.

8316 b5mith the Spear-Bearer (level 11, -1/111 HPs)
             Began as a Minotaur Berserker on Feb 19, 2018.
             Was a High Priest of Trog.
             Succumbed to a water moccasin's poison
             ... on level 9 of the Dungeon.
             The game lasted 00:32:41 (11154 turns).

b5mith the Spear-Bearer (Minotaur Berserker)       Turns: 11154, Time: 00:32:41

Health: -1/111     AC: 15    Str: 26    XL:     11   Next: 8%
Magic:  5/10       EV: 12    Int:  4    God:    Trog [*****.]
Gold:   337        SH:  0    Dex:  9    Spells: 10/10 levels left

rFire    . . .     SeeInvis +   I - +0 bardiche
rCold    + . .     Gourm    .   (shield currently unavailable)
rNeg     . . .     Faith    .   l - +2 chain mail {rC+}
rPois    .         Spirit   +   (helmet restricted)
rElec    .         Reflect  .   t - scarf {repulsion}
rCorr    .         Harm     .   o - +0 pair of gloves
MR       +....                  (no boots)
Stlth    ..........             J - amulet of guardian spirit
HPRegen  0.28/turn              f - ring of protection from magic
MPRegen  0.12/turn              C - ring of see invisible

@: lethally poisoned (-1 -> -19), repel missiles
A: retaliatory headbutt, horns 2, robust 1, no potion heal 1
a: Berserk, Trog's Hand, Brothers in Arms, Renounce Religion


You were on level 9 of the Dungeon.
You worshipped Trog.
Trog was extremely pleased with you.
You were hungry.

You visited 2 branches of the dungeon, and saw 11 of its levels.

You collected 544 gold pieces.
You spent 207 gold pieces at shops.

Inventory:

Hand Weapons
 a - a +0 spear
 w - the cursed +2 falchion "Nywk" {venom, rF+, unknown}
   (You found it on level 4 of the Dungeon)

   It poisons the flesh of those it strikes.
   It protects you from fire.
   It has a curse placed upon it.
 x - a +3 dire flail of protection
 I - a +0 bardiche (weapon)
Missiles
 q - 210 stones (quivered)
 y - 6 tomahawks
Armour
 b - a +0 animal skin
 e - a +0 shield
 l - a +2 chain mail of cold resistance (worn)
 o - a +0 pair of gloves (worn)
 p - a +0 leather armour
 t - a scarf of repulsion (worn)
Jewellery
 f - a ring of protection from magic (left hand)
 C - a ring of see invisible (right hand)
 J - an amulet of guardian spirit (around neck)
 M - an uncursed ring of flight
 N - a cursed ring of loudness {unknown}
Wands
 E - a wand of random effects (33)
Scrolls
 j - 4 scrolls of remove curse {@r2}
 m - a scroll of teleportation
 n - a scroll of fog {unknown}
 s - 5 scrolls of enchant weapon {unknown}
 u - 3 scrolls of random uselessness
 A - 3 scrolls of amnesia {unknown}
 D - a scroll of noise {unknown}
 F - 2 scrolls of magic mapping {unknown}
 G - 4 scrolls of identify {@r1}
 H - a scroll of enchant armour {unknown}
 L - a scroll of fear {unknown}
Potions
 d - 2 potions of flight {unknown}
 g - a potion of berserk rage {unknown}
 h - 5 potions of curing {@q1}
 i - 2 potions of haste
 k - a potion of might {unknown}
 r - 2 potions of mutation
 v - a potion of heal wounds {unknown}
 z - 3 potions of brilliance {unknown}
 B - 2 potions of agility {unknown}
 K - a potion of resistance {unknown}
Comestibles
 c - 12 rations
 O - 9 chunks of flesh


   Skills:
 + Level 10.8 Fighting
 + Level 10.9 Polearms
 + Level 10.5 Armour
 + Level 9.7 Dodging


You had 10 spell levels left.
You didn't know any spells.

Dungeon Overview and Level Annotations

Branches:
Dungeon (10/15)            Temple (0/1) D:5             Orc (1/2) D:9
   Lair: D:8-11

Altars:
Trog

Shops:
D:8 (

Annotations:
D:3 1 runed door


Innate Abilities, Weirdness & Mutations

You reflexively headbutt those who attack you in melee.
You have a pair of horns on your head.
You are robust. (+10% HP)
Potions are less effective at restoring your health.


Message History

Things that are here:
a troll skeleton; a hippogriff skeleton You feel sick.
There is a stone staircase leading up, spattered with blood here.
Magic restored.
You feel sick.
The water moccasin bites you but does no damage. x2
You climb upwards.
You feel sick.
There is a stone staircase leading down here.
You closely miss the water moccasin.
You feel sick. The water moccasin bites you.
* * * LOW HITPOINT WARNING * * *
You are lethally poisoned!
The water moccasin poisons you! The water moccasin bites you.
You closely miss the water moccasin.
* * * LOW HITPOINT WARNING * * *
You feel very sick. The water moccasin barely misses you.
The water moccasin bites you.
* * * LOW HITPOINT WARNING * * *
You miss the water moccasin.
You die...

...#.#######.#####........#......
...#.# #.# #........#......
...#.# #.# #........#......
...#.# #.# #........#......
...#.# #.# #........######.
####.# #.#####.............##
.....#######...............(.....
.....................############
................@S...#
.....................#
#.........###........#
#.........# ########.#
#.........# #.# ########### ###


You could see a water moccasin.

Vanquished Creatures
  A two-headed ogre (D:9)
  An ugly thing (D:10)
  The ghost of enarc13 the Chiller, a novice OpIE of Dithmenos (D:6)
  2 trolls
  2 hippogriffs
  A spriggan (D:7)
  7 yaks
  The ghost of b5mith the Poker, an amateur MiBe of Trog (D:4)
  2 wargs (D:9)
  Edmund (D:5)
  A black bear (D:7)
  An eye of draining (D:9)
  2 sky beasts
  6 orc warriors
  2 phantoms
  3 ice beasts
  A necrophage (D:9)
  6 ogres
  4 centaurs
  Blork the orc (D:6)
  4 bullfrogs
  A wyvern zombie (D:8)
  3 scorpions
  6 killer bees (D:8)
  3 howler monkeys (D:9)
  2 vampire bats (D:4)
  5 crimson imps
  A centaur zombie (D:8)
  3 hounds
  A quasit (D:5)
  5 orc priests
  A jelly (D:4)
  5 bullfrog skeletons
  3 iguanas
  2 orc wizards
  9 worker ants
  A killer bee zombie (D:8)
  A hound zombie (D:5)
  A worker ant zombie (D:8)
  3 gnolls (D:5)
  16 adders
  2 shadow imps
  2 oozes
  An adder zombie (D:8)
  An adder skeleton (D:5)
  3 worms (D:2)
  3 dart slugs
  8 leopard geckos
  31 orcs
  11 giant cockroaches
  13 goblins
  5 hobgoblins
  21 jackals
  6 quokkas
  3 ball pythons
  18 bats
  6 frilled lizards
  A jackal skeleton (D:8)
  10 kobolds
  2 leopard gecko skeletons (D:4)
  A leopard gecko zombie (D:5)
  7 rats
277 creatures vanquished.

Vanquished Creatures (others)
  5 plants (D:5)
5 creatures vanquished.

Grand Total: 282 creatures vanquished

Notes
Turn   | Place    | Note
-------+----------+-------------------------------------------
     0 | D:1      | b5mith the Minotaur Berserker began the quest for the Orb.
     0 | D:1      | Reached XP level 1. HP: 19/19 MP: 0/0
    58 | D:1      | Reached XP level 2. HP: 27/27 MP: 1/1
   309 | D:1      | Reached ** piety under Trog
   310 | D:1      | Reached XP level 3. HP: 32/33 MP: 2/2
  1221 | D:2      | Reached XP level 4. HP: 40/40 MP: 3/3
  1565 | D:2      | Reached *** piety under Trog
  1661 | D:2      | Found a faded altar of an unknown god.
  2207 | D:3      | Reached XP level 5. HP: 47/47 MP: 4/4
  2362 | D:3      | Found a runed door.
  2771 | D:3      | Reached skill level 5 in Polearms
  2776 | D:3      | Reached **** piety under Trog
  2949 | D:3      | Reached skill level 5 in Fighting
  3284 | D:4      | Reached XP level 6. HP: 45/56 MP: 5/5
  3331 | D:4      | Got a blackened falchion
  3359 | D:4      | Noticed b5mith's ghost (amateur MiBe)
  3366 | D:4      | Killed b5mith's ghost
  3456 | D:4      | Reached skill level 5 in Armour
  3456 | D:4      | Reached XP level 7. HP: 43/62 MP: 6/6
  3913 | D:4      | Found the +4 Vampire's Tooth {vamp}
  4185 | D:5      | Entered Level 5 of the Dungeon
  4208 | D:5      | Reached skill level 5 in Dodging
  4261 | D:5      | Found a staircase to the Ecumenical Temple.
  4325 | D:5      | Found the +3 Elemental Staff {rElec rF++ rC++ MR++ AC+5}
  4365 | D:5      | Reached XP level 8. HP: 40/71 MP: 7/7
  4563 | D:5      | Noticed Edmund
  4608 | D:5      | Killed Edmund
  5298 | D:6      | Noticed enarc13's ghost (novice OpIE)
  5352 | D:6      | Killed enarc13's ghost
  5805 | D:6      | Noticed Blork the orc
  5815 | D:6      | Killed Blork the orc
  5956 | D:6      | Found a glowing drain.
  6037 | D:6      | Reached XP level 9. HP: 80/81 MP: 8/8
  6374 | D:7      | Reached ***** piety under Trog
  7808 | D:8      | Reached XP level 10. HP: 66/91 MP: 9/9
  8038 | D:8      | Found a bloodstained altar of Trog.
  8450 | D:8      | Found Ugyn's Antique Weapon Boutique.
  8455 | D:8      | Bought a bardiche for 207 gold pieces
  8924 | D:9      | Reached skill level 10 in Polearms
  9036 | D:9      | Reached skill level 10 in Fighting
  9097 | D:9      | Found a staircase to the Orcish Mines.
  9163 | D:9      | Received a gift from Trog
  9282 | D:9      | Noticed a two-headed ogre
  9287 | D:9      | Killed a two-headed ogre
  9287 | D:9      | Reached skill level 10 in Armour
  9427 | Orc:1    | Entered Level 1 of the Orcish Mines
  9916 | Orc:1    | Noticed an orc high priest
  9921 | Orc:1    | Noticed an orange demon
  9937 | Orc:1    | Noticed a rust devil
 10208 | Orc:1    | Noticed a rust devil
 10209 | Orc:1    | Noticed an orange demon
 10233 | Orc:1    | Noticed an orange demon
 10237 | D:9      | HP: 3/94 [orc warrior/short sword[an orc high priest] (10)]
 10238 | D:9      | Gained mutation: Potions are less effective at restoring your health. [potion of mutation]
 10238 | D:9      | Gained mutation: You are robust. (+10% HP) [potion of mutation]
 10239 | D:9      | HP: 1/103 [orc warrior/short sword[an orc high priest] (3)]
 10668 | Orc:1    | Noticed a soul eater
 10670 | Orc:1    | Noticed an orange demon
 10671 | Orc:1    | Noticed a sun demon
 10691 | D:9      | HP: 5/103 [poisoned by an orange demon]
 10698 | D:9      | HP: 5/103 [poisoned by an orange demon]
 10991 | Orc:1    | Noticed a rust devil
 11027 | D:10     | Entered Level 10 of the Dungeon
 11050 | D:10     | Reached XP level 11. HP: 30/111 MP: 3/10
 11132 | D:10     | Noticed a green ugly thing
 11140 | D:10     | Killed a green ugly thing
 11153 | D:9      | HP: 4/111 [poisoned by a water moccasin]
 11154 | D:9      | Succumbed to a water moccasin's poison

Vault maps used:
D:1:      noname_arrival_rooms_in_the_neighbourhood, minmay_quantized
D:2:      first_ration, chequers_ecumenical_altar_simple_redux,
          grunt_ministairs_2
D:3:      uniq_crazy_yiuf_cottage
D:4:      minmay_guarded_unrand_vampires_tooth
D:5:      wad_woods_pond, minmay_temple_entry_butterflies, uniq_edmund
D:6:      gup_sewer_entry_glass, uniq_blork_the_orc
D:7:      the_bakery, st_stairs_14, grunt_ministairs_12
D:8:      bloody_trog, serial_shops, shop
D:9:      orc_0_dummy
D:10:     serial_shops, shop_statue, uniq_josephine

Skill      XL: |  1  2  3  4  5  6  7  8  9 10 |
---------------+-------------------------------+-----
Fighting       | 4 5 6 7 9 10 | 10.8
Polearms       | 4 5 6 8 9 10 | 10.9
Armour         | 3 4 5 6 7 9 10 | 10.5
Dodging        | 3 4 5 6 8 9 |  9.7

Action                   |  1- 3 |  4- 6 |  7- 9 | 10-12 || total
-------------------------+-------+-------+-------+-------++-------
Melee: Spear             |   121 |   204 |   616 |    52 ||   993
       Headbutt          |    16 |    24 |    96 |    49 ||   185
       Bardiche          |       |       |       |   193 ||   193
Throw: Stone             |       |     9 |    34 |    11 ||    54
Invok: Berserk           |       |     1 |     1 |     2 ||     4
Evoke: Wand              |       |       |       |     4 ||     4
  Use: Scroll            |       |     2 |     4 |     2 ||     8
       Potion            |       |       |     1 |     5 ||     6
 Stab: Sleeping          |       |     1 |       |       ||     1
  Eat: Chunk             |     1 |     7 |     3 |     1 ||    12
       Ration            |       |     1 |     3 |     4 ||     8
Armor: Animal skin       |    14 |     8 |       |       ||    22
       Leather armour    |       |    10 |       |       ||    10
       Chain mail        |       |    28 |   236 |   193 ||   457
Dodge: Dodged            |    41 |    61 |   235 |   189 ||   526
       Deflected         |       |     3 |     8 |     2 ||    13
Block: Shield            |    34 |    26 |       |       ||    60

Table legend:
 A = Spawn XP
 B = Non-spawn XP
 C = Spawn XP percentage of total XP
 D = Spawn monster count
 E = Non-spawn monster count
 F = Spawn count percentage of total count
 G = Total turns spent on level
                    A         B        C        D         E        F      G
               +---------+---------+-------+---------+---------+-------+---------
         Total |       0 |   11880 |   0.0 |       0 |     277 |   0.0 | 11154
               +---------+---------+-------+---------+---------+-------+---------
           D:1 |       0 |      86 |   0.0 |       0 |      43 |   0.0 |  1083
           D:2 |       0 |     106 |   0.0 |       0 |      30 |   0.0 |  1090
           D:3 |       0 |     128 |   0.0 |       0 |      26 |   0.0 |  1018
           D:4 |       0 |     761 |   0.0 |       0 |      25 |   0.0 |  1007
           D:5 |       0 |    1056 |   0.0 |       0 |      29 |   0.0 |  1113
           D:6 |       0 |     740 |   0.0 |       0 |      18 |   0.0 |   972
           D:7 |       0 |    1549 |   0.0 |       0 |      31 |   0.0 |   932
           D:8 |       0 |    2152 |   0.0 |       0 |      31 |   0.0 |  1547
           D:9 |       0 |    3184 |   0.0 |       0 |      30 |   0.0 |  1631
          D:10 |       0 |    1385 |   0.0 |       0 |       6 |   0.0 |   124
         Orc:1 |       0 |     733 |   0.0 |       0 |       8 |   0.0 |   637
               +---------+---------+-------+---------+---------+-------+---------
